 Dungeon Crawl Stone Soup version 0.27.1-33-g824d729ab1 (webtiles) character file.

Game seed: 3898215805307941637

1523 comborobin the Covert (level 8, -1/67 HPs)
             Began as a Gnoll Delver on Dec 27, 2021.
             Was an Initiate of the Shining One.
             Shot with an arrow by a centaur (3 damage)
             ... on level 7 of the Dungeon.
             The game lasted 00:05:19 (6318 turns).

comborobin the Covert (Gnoll Delver)                Turns: 6318, Time: 00:05:20

Health: -1/67      AC:  6    Str: 14    XL:     8   Next: 84%
Magic:  13/13      EV: 14    Int:  9    God:    the Shining One [......]
Gold:   268        SH:  0    Dex: 20    Spells: 14/14 levels left

rFire    . . .     SeeInvis .   a - +2 hand axe (vorpal)
rCold    . . .     Faith    .   (no shield)
rNeg     . . .     Spirit   .   i - +0 ring mail
rPois    .         Reflect  .   (no helmet)
rElec    .         Harm     .   (no cloak)
rCorr    .         Rampage  .   (no gloves)
Will     .....                  q - +0 pair of boots
Stlth    ++........             (no amulet)
HPRegen  0.21/turn              r - +6 ring of dexterity
MPRegen  0.13/turn              (no ring)

@: glowing
A: fangs 1, strong nose, distributed training
a: Renounce Religion


You were on level 7 of the Dungeon.
You worshipped the Shining One.
The Shining One was noncommittal.
You visited 1 branch of the dungeon, and saw 5 of its levels.

You collected 268 gold pieces.

Inventory:

Hand Weapons
 a - a +2 vorpal hand axe (weapon)
 b - a +0 long sword
 f - a +0 falchion
Missiles
 p - 8 javelins (quivered)
 u - 6 datura-tipped darts
Armour
 i - a +0 ring mail (worn)
 j - a +0 leather armour
 k - a +0 plate armour of poison resistance
 q - a +0 pair of boots (worn)
Jewellery
 r - a +6 ring of dexterity (left hand)
Wands
 g - a wand of digging (8)
 s - a wand of charming (8)
 x - a wand of paralysis (4)
Scrolls
 c - 3 scrolls of fog
 d - a scroll of magic mapping
 e - 2 scrolls of fear
 h - a scroll of silence {unknown}
 l - 2 scrolls of enchant weapon {unknown}
 m - a scroll of amnesia {unknown}
 n - a scroll of summoning {unknown}
 o - 2 scrolls of enchant armour {unknown}
 v - a scroll of noise {unknown}
 y - a scroll of acquirement {unknown}


   Skills:
 + Level 7.5 Fighting
 + Level 3.6 Short Blades
 + Level 5.9 Long Blades
 + Level 3.6 Axes
 + Level 3.6 Maces & Flails
 + Level 3.6 Polearms
 + Level 3.6 Staves
 + Level 3.6 Slings
 + Level 3.6 Bows
 + Level 3.6 Crossbows
 + Level 3.6 Throwing
 + Level 3.6 Armour
 + Level 5.9 Dodging
 + Level 10.2 Stealth
 + Level 3.6 Shields
 + Level 3.6 Unarmed Combat
 + Level 3.6 Spellcasting
 + Level 3.0 Conjurations
 + Level 3.0 Hexes
 + Level 3.0 Summonings
 + Level 3.0 Necromancy
 + Level 3.0 Translocations
 + Level 3.0 Transmutations
 + Level 3.0 Fire Magic
 + Level 3.0 Ice Magic
 + Level 3.0 Air Magic
 + Level 3.0 Earth Magic
 + Level 3.0 Poison Magic
 + Level 4.0 Invocations
 + Level 3.6 Evocations


You had 14 spell levels left.
You didn't know any spells.
Your spell library contained the following spells:

 Spells                   Type           Power      Damage    Failure   Level
 Frozen Ramparts          Ice            14%        1d3       45%         3
 Ice Form                 Ice/Tmut       7%         N/A       86%         4
 Summon Ice Beast         Ice/Summ       7%         N/A       86%         4


Dungeon Overview and Level Annotations

Branches:
Dungeon (7/15)
 Temple: D:4-7

Altars:
Kikubaaqudgha
Qazlal
Zin
The Shining One

Annotations:
D:7 Harold


Innate Abilities, Weirdness & Mutations

You have very sharp teeth.
Your uncanny sense of smell can sniff out nearby items.
Your experience applies equally to all skills.


Message History

You barely miss the iguana.
The iguana is almost dead.
The centaur shoots an arrow.
The arrow hits you! The iguana bites you!
* * * LOW HITPOINT WARNING * * *
The centaur shoots an arrow.
The arrow barely misses you.
Harold the Weathered comes into view.
He is wielding a +2 long sword of draining and wearing a +0 scale mail of fire resistance.
You barely miss the iguana. You bite the iguana.
The iguana is almost dead.
The centaur shoots an arrow.
The arrow barely misses you. The iguana barely misses you.
The iguana misses you.
You slash the iguana!
You kill the iguana!
You barely miss the centaur.
The centaur wields a +0 shortbow.
The centaur shoots an arrow.
The arrow closely misses you.
The centaur unwields a +0 shortbow.
The centaur hits you but does no damage.
The centaur kicks you but does no damage.
Your Conjurations skill increases to level 3!
Your Hexes skill increases to level 3!
Your Summonings skill increases to level 3!
Your Necromancy skill increases to level 3!
Your Translocations skill increases to level 3!
Your Transmutations skill increases to level 3!
Your Fire Magic skill increases to level 3!
Your Ice Magic skill increases to level 3!
Your Air Magic skill increases to level 3!
Your Earth Magic skill increases to level 3!
Your Poison Magic skill increases to level 3!
Unknown command.
The centaur shoots an arrow.
The arrow hits you!
* * * LOW HITPOINT WARNING * * *
The centaur shoots an arrow.
The arrow barely misses you. The centaur misses you. The centaur kicks you.
* * * LOW HITPOINT WARNING * * *
The centaur wields a +0 shortbow.
The centaur shoots an arrow.
The arrow hits you.
* * * LOW HITPOINT WARNING * * *
Unknown command.
The centaur shoots an arrow.
The arrow hits you.
You die...

.......<.................#
.........................#
....#########@...........#
.... ∆ .......8..#......#
.# ###..†..###.....#
#.c8c.#.#..####
#.J...'_#..# #..8..#.#.(#
##@....###.##
..........8..#..#
..######.......##
#########


You could see Harold, 2 centaurs and a jelly.

Vanquished Creatures
  Pikel (D:6)
  A black bear (D:6)
  A necrophage (D:6)
  A centaur (D:6)
  An ogre (D:5)
  2 phantoms
  A centaur zombie (D:6)
  5 orc priests
  4 centaur skeletons
  A gnoll shaman (D:4)
  2 iguanas
  4 orc wizards
  A hound zombie (D:5)
  2 adders
  A shadow imp (D:6)
  A worm (D:3)
  A dart slug (D:4)
  29 orcs
  2 giant cockroaches
  4 hobgoblins (D:3)
  5 jackals (D:3)
  2 kobolds (D:4)
  3 ball pythons (D:4)
  A bat (D:3)
  A rat (D:3)
77 creatures vanquished.

Notes
Turn   | Place    | Note
-------+----------+-------------------------------------------
     0 | D:5      | Reached skill level 9 in Stealth
     0 | D:5      | comborobin the Gnoll Delver began the quest for the Orb.
     0 | D:5      | Reached XP level 1. HP: 23/23 MP: 1/1
   128 | D:5      | Noticed an iguana
   433 | D:6      | Noticed a black bear
   443 | D:6      | Killed a black bear
   444 | D:6      | Reached skill level 1 in Short Blades
   444 | D:6      | Reached skill level 1 in Axes
   444 | D:6      | Reached skill level 1 in Maces & Flails
   444 | D:6      | Reached skill level 1 in Polearms
   444 | D:6      | Reached skill level 1 in Staves
   444 | D:6      | Reached skill level 1 in Slings
   444 | D:6      | Reached skill level 1 in Bows
   444 | D:6      | Reached skill level 1 in Crossbows
   444 | D:6      | Reached skill level 1 in Throwing
   444 | D:6      | Reached skill level 1 in Armour
   444 | D:6      | Reached skill level 1 in Shields
   444 | D:6      | Reached skill level 1 in Unarmed Combat
   444 | D:6      | Reached skill level 1 in Spellcasting
   444 | D:6      | Reached skill level 1 in Invocations
   444 | D:6      | Reached skill level 1 in Evocations
   444 | D:6      | Reached XP level 2. HP: 7/29 MP: 1/3
   444 | D:6      | Reached XP level 3. HP: 8/35 MP: 1/4
   444 | D:6      | Reached XP level 4. HP: 10/41 MP: 1/5
   696 | D:5      | Reached skill level 1 in Conjurations
   696 | D:5      | Reached skill level 1 in Hexes
   696 | D:5      | Reached skill level 1 in Summonings
   696 | D:5      | Reached skill level 1 in Necromancy
   696 | D:5      | Reached skill level 1 in Translocations
   696 | D:5      | Reached skill level 1 in Transmutations
   696 | D:5      | Reached skill level 1 in Fire Magic
   696 | D:5      | Reached skill level 1 in Ice Magic
   696 | D:5      | Reached skill level 1 in Air Magic
   696 | D:5      | Reached skill level 1 in Earth Magic
   696 | D:5      | Reached skill level 1 in Poison Magic
   750 | D:5      | Noticed a phantom
   775 | D:5      | Noticed a sky beast
  1037 | D:5      | Reached XP level 5. HP: 34/47 MP: 5/7
  1185 | D:5      | Noticed an ogre
  1196 | D:5      | Killed an ogre
  1399 | D:4      | Reached XP level 6. HP: 53/53 MP: 8/8
  2336 | D:4      | Reached skill level 5 in Long Blades
  2336 | D:4      | Reached skill level 5 in Dodging
  2566 | D:3      | Found a glowing golden altar of the Shining One.
  2683 | D:3      | Became a worshipper of the Shining One
  3906 | D:5      | Reached XP level 7. HP: 9/60 MP: 10/10
  4941 | D:6      | Found an ancient bone altar of Kikubaaqudgha.
  5182 | D:6      | Found a stormy altar of Qazlal.
  5270 | D:6      | Reached skill level 10 in Stealth
  5452 | D:6      | Reached XP level 8. HP: 64/67 MP: 12/12
  5699 | D:7      | Noticed Pikel
  5803 | D:6      | Killed Pikel
  6294 | D:7      | Found a glowing silver altar of Zin.
  6313 | D:7      | Noticed Harold
  6317 | D:7      | HP: 2/67 [centaur/arrow (6)]
  6318 | D:7      | Shot with an arrow by a centaur

Illustrated notes

Levels and vault maps discovered:
D:3:      layout_basic, old_standard_altar, serial_rivers,
          chequers_serial_rivers_micro_e, chequers_serial_rivers_micro_e,
          chequers_serial_rivers_small_3, chequers_serial_rivers_micro_a,
          chequers_serial_rivers_micro_b
D:4:      layout_basic, serial_park_tiny_2, st_stairs_5
D:5:      layout_cave_pods, minivault_19
D:6:      layout_loops_ring, grunt_qazlal_clouds,
          nicolae_kikubaaqudgha_miasma_corner, serial_rivers,
          chequers_serial_rivers_marsh, chequers_serial_rivers_large_b,
          chequers_serial_rivers_small_3, chequers_serial_rivers_small_3,
          chequers_serial_rivers_marsh
D:7:      layout_rooms, zin_statuary, mainiacjoe_overflow_catch_the_wave,
          temple_statues, lemuel_old_faithful, uniq_duvessa, uniq_harold,
          uniq_pikel

Skill      XL: |  1  2  3  4  5  6  7  8 |
---------------+-------------------------+-----
Stealth        | 10 | 10.2
Short Blades   | 1 2 3 |  3.6
Axes           | 1 2 3 |  3.6
Maces & Flails | 1 2 3 |  3.6
Polearms       | 1 2 3 |  3.6
Staves         | 1 2 3 |  3.6
Slings         | 1 2 3 |  3.6
Bows           | 1 2 3 |  3.6
Crossbows      | 1 2 3 |  3.6
Throwing       | 1 2 3 |  3.6
Armour         | 1 2 3 |  3.6
Shields        | 1 2 3 |  3.6
Unarmed Combat | 1 2 3 |  3.6
Spellcasting   | 1 2 3 |  3.6
Invocations    | 1 2 3 4 |  4.0
Evocations     | 1 2 3 |  3.6
Conjurations   | 1 2 3 |  3.0
Hexes          | 1 2 3 |  3.0
Summonings     | 1 2 3 |  3.0
Necromancy     | 1 2 3 |  3.0
Translocations | 1 2 3 |  3.0
Transmutations | 1 2 3 |  3.0
Fire Magic     | 1 2 3 |  3.0
Ice Magic      | 1 2 3 |  3.0
Air Magic      | 1 2 3 |  3.0
Earth Magic    | 1 2 3 |  3.0
Poison Magic   | 1 2 3 |  3.0
Long Blades    | 5 |  5.9
Dodging        | 5 |  5.9
Fighting       | 7 |  7.5

Action                   |  1- 3 |  4- 6 |  7- 9 || total
-------------------------+-------+-------+-------++-------
Melee: Falchion          |    10 |    20 |       ||    30
       Bite              |     1 |    16 |    17 ||    34
       Hand axe          |       |   158 |   142 ||   300
       Long sword        |       |     7 |       ||     7
       Punch             |       |       |     1 ||     1
Evoke: Wand              |       |       |     1 ||     1
  Use: Potion            |     1 |     3 |     2 ||     6
 Stab: Sleeping          |     2 |     2 |       ||     4
Armor: Leather armour    |     4 |     3 |       ||     7
       Ring mail         |       |    60 |    67 ||   127
Dodge: Dodged            |    13 |   121 |   129 ||   263
       Rpst.: Falchion   |     1 |     4 |       ||     5
       Long sword        |       |     1 |       ||     1
